 Dungeon Crawl Stone Soup version 0.19.4-25-g1b72edd (webtiles) character file.

1540 vatarom the Zephyrmancer (level 8, 0/41 HPs)
             Began as a Tengu Air Elementalist on Feb 28, 2017.
             Was a Believer of Sif Muna.
             Slain by a hound (7 damage)
             ... on level 6 of the Dungeon.
             The game lasted 00:19:11 (7246 turns).

vatarom the Zephyrmancer (Tengu Air Elementalist)   Turns: 7246, Time: 00:19:12

Health: 0/41       AC:  3    Str:  9    XL:     8   Next: 86%
Magic:  12/16      EV: 12    Int: 21    God:    Sif Muna [**....]
Gold:   326        SH:  0    Dex: 14    Spells: 5 memorised, 3 levels left

rFire  + . .     SeeInvis +     a - +3 short sword (elec)
rCold  + . .     Gourm    .     o - +0 leather armour
rNeg   . . .     Faith    .     (no shield)
rPois  +         Spirit   .     (helmet restricted)
rElec  +         Reflect  .     (no cloak)
rCorr  +         Harm     +     (no gloves)
MR     .....                    (boots unavailable)
Stlth  ++........               v - amulet of harm
                                u - ring of see invisible
                                g - +3 ring of intelligence

@: resistant, repel missiles, invisible
A: beak, talons 3, able to fly 1
a: Fly, Divine Energy, Renounce Religion


You were on level 6 of the Dungeon.
You worshipped Sif Muna.
Sif Muna was pleased with you.
You were hungry.

You visited 2 branches of the dungeon, and saw 7 of its levels.

You collected 326 gold pieces.

Inventory:

Hand Weapons
 a - a +3 short sword of electrocution (weapon)
 h - a +0 mace of crushing
 m - a +4 scythe of protection
Armour
 o - a +0 leather armour (worn)
Jewellery
 g - a +3 ring of intelligence (left hand)
 u - a ring of see invisible (right hand)
 v - an amulet of harm (around neck)
Wands
 r - a wand of flame (15/48)
Scrolls
 d - a scroll of enchant armour
 j - 4 scrolls of magic mapping
 p - a scroll of remove curse
 t - a scroll of recharging
Potions
 l - a potion of brilliance
 q - 2 potions of agility
Books
 b - a book of Air

   Spells                             Type                      Level
   a - Shock                          Conjuration/Air              1
   b - Swiftness                      Charms/Air                   2
   c - Repel Missiles                 Charms/Air                   2
   d - Static Discharge               Conjuration/Air              3
   e - Lightning Bolt                 Conjuration/Air              5
Comestibles
 c - a bread ration
 i - a royal jelly
 k - 3 beef jerkies
 n - 5 fruits


   Skills:
 - Level 2.1 Dodging
 - Level 2.0 Stealth
 - Level 4.7 Spellcasting
 + Level 9.2 Conjurations
 - Level 9.5 Air Magic


You had 3 spell levels left.
You knew the following spells:

 Your Spells              Type           Power        Failure   Level  Hunger
a - Shock                 Conj/Air       ####         1%          1    None
b - Repel Missiles        Chrm/Air       ####..       4%          2    #......
c - Swiftness             Chrm/Air       ####....     4%          2    #......
d - Static Discharge      Conj/Air       #####...     1%          3    ##.....
e - Lightning Bolt        Conj/Air       #####.....   12%         5    ######.


Dungeon Overview and Level Annotations

Branches:
Dungeon (6/15)             Temple (1/1) D:4

Altars:
Ashenzari
Dithmenos
Elyvilon
Gozag
Hepliaklqana
Kikubaaqudgha
Makhleb
Nemelex Xobeh
Okawaru
Qazlal
Ru
Sif Muna
Trog
Uskayaw
Vehumet
Xom
Yredelemnul
Zin
The Shining One


Innate Abilities, Weirdness & Mutations

You have a beak for a mouth.
You have claws for feet.
You can fly.


Message History

The zap hits the hippogriff.
The hippogriff is heavily wounded.
The hound bites you. The hippogriff barely misses you.
The hippogriff pecks you.
* * * LOW HITPOINT WARNING * * *
The hippogriff claws you.
* * * LOW HITPOINT WARNING * * *
Okay, then.
Okay, then.
Okay, then.
Okay, then.
Okay, then.
You already know all available spells.
Evoke which item? (* to show all) (? for menu, Esc to quit)
Okay, then.
You fade into invisibility!
The hound bites you but does no damage. The hippogriff misses you.
The hippogriff pecks you but does no damage.
The hippogriff closely misses you. The hound bites you.
You die...

#... #....########
#...#
#.....##.#.........
#...#
#.....##.#.#######.
#)..# #.....##.#.#
#...# #.....##.#.#
#[#.# #.....##.#.#
#.#.# +......#.#.# # #
#.#.#
.##..........####.#...#
#.#.#
..%..........hh@H......
..#..
.............######..##
..# .................
..#..........#### .
#..........#
#..........#
............#
............#


You could see a hippogriff, a howler monkey and a hound.

Vanquished Creatures
  A hungry ghost (D:6)
  2 ice beasts (D:5)
  3 ogres
  2 centaurs
  2 bullfrogs (D:6)
  A scorpion (D:5)
  A howler monkey (D:5)
  A gnoll shaman (D:5)
  3 hounds
  2 bullfrog skeletons (D:4)
  2 iguanas
  Jessica (D:2)
  Terence (D:2)
  A worker ant (D:5)
  A hound zombie (D:5)
  Robin (D:2)
  3 adders
  8 gnolls
  A shadow imp (D:5)
  An ooze (D:3)
  2 adder zombies (D:5)
  An adder skeleton (D:5)
  4 worms
  5 dart slugs
  7 leopard geckos
  7 orcs
  3 ball pythons
  4 giant cockroaches
  20 goblins
  12 hobgoblins
  12 jackals
  2 quokkas
  2 bats
  6 frilled lizards
  6 kobolds
  4 rats
135 creatures vanquished.

Notes
Turn   | Place    | Note
-------+----------+-------------------------------------------
     0 | D:1      | vatarom the Tengu Air Elementalist began the quest for the Orb.
     0 | D:1      | Reached XP level 1. HP: 10/10 MP: 4/4
   104 | D:1      | Reached XP level 2. HP: 15/15 MP: 0/6
   239 | D:1      | Reached skill level 5 in Air Magic
   605 | D:1      | Reached XP level 3. HP: 19/19 MP: 7/7
   687 | D:1      | Learned a level 2 spell: Repel Missiles
   690 | D:1      | Learned a level 2 spell: Swiftness
  1113 | D:2      | Found a glowing golden altar of the Shining One.
  1495 | D:2      | Noticed Robin
  1514 | D:2      | Killed Robin
  1514 | D:2      | Reached XP level 4. HP: 16/24 MP: 2/8
  1632 | D:2      | Found a glowing silver altar of Zin.
  1697 | D:2      | Found a sparkling altar of Nemelex Xobeh.
  1697 | D:2      | Noticed Jessica
  1702 | D:2      | Killed Jessica
  1952 | D:2      | Found a white marble altar of Elyvilon.
  2145 | D:2      | Noticed Terence
  2152 | D:2      | Killed Terence
  2152 | D:2      | Gained mutation: You can fly. [Tengu growth]
  2152 | D:2      | Reached XP level 5. HP: 20/28 MP: 6/9
  2236 | D:2      | Learned a level 3 spell: Static Discharge
  2694 | D:3      | Found a faded altar of an unknown god.
  3561 | D:3      | Reached XP level 6. HP: 24/32 MP: 6/10
  3664 | D:3      | Found a bloodstained altar of Trog.
  4406 | D:4      | Found a staircase to the Ecumenical Temple.
  4418 | Temple   | Entered the Ecumenical Temple
  4623 | Temple   | Became a worshipper of Sif Muna the Loreminder
  4886 | D:4      | Reached XP level 7. HP: 36/36 MP: 10/14
  5194 | D:5      | Entered Level 5 of the Dungeon
  5201 | D:5      | Found a shattered altar of Ashenzari.
  5310 | D:5      | Learned a level 5 spell: Lightning Bolt
  5334 | D:5      | Reached * piety under Sif Muna
  5643 | D:5      | Found an opulent altar of Gozag.
  6236 | D:5      | Reached XP level 8. HP: 25/41 MP: 10/16
  6523 | D:5      | Reached skill level 5 in Conjurations
  6950 | D:6      | Reached ** piety under Sif Muna
  7241 | D:6      | Noticed a hippogriff
  7246 | D:6      | Slain by a hound

Skill      XL: |  1  2  3  4  5  6  7  8 |
---------------+-------------------------+-----
Air Magic      | 5 6 7 8 9 |  9.5
Spellcasting   | 4 |  4.7
Conjurations   | 4 9 |  9.2
Dodging        | |  2.1
Stealth        | |  2.0

Action                   |  1- 3 |  4- 6 |  7- 9 || total
-------------------------+-------+-------+-------++-------
Melee: Whip              |    25 |       |       ||    25
       Unarmed           |     4 |       |       ||     4
       Peck              |     9 |    14 |     6 ||    29
       Kick              |    12 |    21 |     6 ||    39
       Mace              |    26 |     6 |       ||    32
       Dagger            |       |    53 |       ||    53
       Short sword       |       |    45 |    33 ||    78
       Scythe            |       |    11 |     9 ||    20
 Cast: Shock             |    27 |    37 |    67 ||   131
       Repel Missiles    |     1 |     1 |       ||     2
       Static Discharge  |       |     5 |    13 ||    18
  Use: Scroll            |     6 |     7 |     7 ||    20
       Potion            |     3 |       |     4 ||     7
 Stab: Sleeping          |     1 |     4 |     2 ||     7
  Eat: Bread ration      |     1 |     1 |     1 ||     3
       Chunk             |     1 |       |     4 ||     5
       Meat ration       |       |     1 |       ||     1
Armor: Robe              |    15 |     5 |       ||    20
       Leather armour    |       |     8 |    16 ||    24
Dodge: Dodged            |    42 |    68 |    51 ||   161
       Deflected         |       |       |     1 ||     1
